 Dungeon Crawl Stone Soup version 0.28-a0-851-g8b9cc49659 (webtiles) character file.

Game seed: 10379042973779006047

281 pokeman the Magician (level 6, 0/34 HPs)
             Began as a Deep Elf Hedge Wizard on Nov 14, 2021.
             Slain by a phantom (3 damage)
             ... on level 4 of the Dungeon.
             The game lasted 00:11:54 (6334 turns).

pokeman the Magician (Deep Elf Hedge Wizard)        Turns: 6334, Time: 00:11:55

Health: 0/34       AC:  2    Str:  7    XL:     6   Next: 6%
Magic:  1/17       EV: 17    Int: 21    God:
Gold:   108        SH:  0    Dex: 14    Spells: 7/18 levels left

rFire   . . .      SeeInvis .   f - staff of cold
rCold   + . .      Faith    .   (no shield)
rNeg    . . .      Spirit   .   b - +0 robe
rPois   .          Reflect  .   c - +0 hat
rElec   .          Harm     .   (no cloak)
rCorr   .          Rampage  .   (no gloves)
Will    .....                   (no boots)
Stlth   ++........              (no amulet)
HPRegen 0.11/turn               e - +4 ring of evasion
MPRegen 0.15/turn               (no ring)

@: no status effects
A: no striking features
a: no special abilities


You were on level 4 of the Dungeon.
You visited 1 branch of the dungeon, and saw 4 of its levels.
You also visited: Ossuary.

You collected 108 gold pieces.

Inventory:

Missiles
 m - 20 arrows
Armour
 b - a +0 robe (worn)
 c - a +0 hat (worn)
Magical Staves
 f - a staff of cold (weapon)
 l - a staff of earth
Jewellery
 e - a +4 ring of evasion (left hand)
Scrolls
 d - a scroll of torment {unknown}
 g - 5 scrolls of identify {unknown}
 h - 2 scrolls of noise {unknown}
 j - 4 scrolls of amnesia {unknown}
 n - a scroll of blinking {unknown}
 p - a scroll of magic mapping {unknown}
 q - 3 scrolls of enchant armour {unknown}
 s - a scroll of summoning {unknown}
Potions
 a - a potion of might {unknown}
 i - a potion of lignification {unknown}
 k - 2 potions of haste {unknown}
 o - 3 potions of curing {unknown}
 r - a potion of flight {unknown}


   Skills:
 - Level 1.0 Fighting
 - Level 1.0 Armour
 - Level 3.0 Dodging
 - Level 3.3 Stealth
 * Level 6.7 Spellcasting
 + Level 3.0 Conjurations
 - Level 1.1 Summonings
 - Level 1.1 Translocations
 - Level 1.0 Fire Magic
 - Level 1.4 Ice Magic
 + Level 0.0 Air Magic
 + Level 0.0 Evocations


You had 7 spell levels left.
You knew the following spells:

 Your Spells              Type           Power      Damage    Failure   Level
a - Magic Dart            Conj           76%        1d6       2%          1
b - Mephitic Cloud        Conj/Pois/Air  11%        N/A       19%         3
c - Call Imp              Summ           11%        N/A       9%          2
d - Blink                 Tloc           22%        N/A       9%          2
e - Conjure Flame         Conj/Fire      15%        6-21      12%         3

Your spell library contained the following spells:

 Spells                   Type           Power      Damage    Failure   Level
 Slow                     Hex            28%        N/A       9%          1
 Ensorcelled Hibernation  Hex/Ice        30%        N/A       11%         2
 Tukima's Dance           Hex            7%         N/A       26%         3


Dungeon Overview and Level Annotations

Branches:
Dungeon (4/15)            Ossuary (visited)
 Temple: D:4-7

Altars:
Makhleb

Shops:
D:3 (

Annotations:
D:3 AttackTheMoon's ghost, amateur FeEE; McGhostyFace's ghost, weakling GnDe
D:4 1 runed translucent door


Message History

* * * LOW HITPOINT WARNING * * *
The phantom closely misses you.
Your magical contamination has completely faded away.
Casting: Magic Dart (safe; 2% risk of failure)
Confirm with . or Enter, or press ? or * to list all spells.
A shadowy apparition takes form in the air.
The phantom closely misses you.
You swap places.
The phantom hits your shadow imp.
The phantom blinks!
Your shadow imp blinks!
Your shadow imp hits the phantom.
Casting: Call Imp (safe; 9% risk of failure)
Confirm with . or Enter, or press ? or * to list all spells.
The spell is quite dangerous to cast (12% risk of failure)!
Continue anyway? [Y]es or [N]o only, please.
The spell is quite dangerous to cast (12% risk of failure)!
Continue anyway?
The fire begins to smoulder!
The phantom hits your shadow imp.
Your shadow imp closely misses the phantom.
The phantom hits your shadow imp.
Your shadow imp dies!
Your shadow imp disappears in a puff of smoke!
The fire ignites!
Casting: Conjure Flame (quite dangerous; 12% risk of failure)
Confirm with . or Enter, or press ? or * to list all spells.
Aiming: Magic Dart (safe; 2% risk of failure)
Press: ? - help, Shift-Dir - straight line, f/p - phantom
Aim: a phantom (almost destroyed, 100% to hit)
The magic dart hits the phantom but does no damage.
The phantom is almost destroyed.
You aren't carrying any items that you can evoke.
Unknown command.
You hit the phantom but do no damage.
The phantom is almost destroyed.
The phantom misses you.
You barely miss the phantom.
The phantom is almost destroyed.
The phantom misses you.
You barely miss the phantom.
The phantom is almost destroyed.
The phantom completely misses you. The phantom hits you.
You die...

. ##.#.###
####......#
#..#
'g..$.#.#
#..#
####.##.#
#..#
##......#
#..#
##.####.#
##..# ##.#
#.# ... ##.#
#.# #W# ##.#
#.# #@# ##.#
#.# #☼# ...#
#.# #g# ####
#.# #####Z#
#.####.Z...#
#.##...#####
#.##.#§#
#......#
#......#


You could see a phantom, a hobgoblin and a jackal skeleton.

Vanquished Creatures
  Menkaure (Ossuary)
  3 mummies (Ossuary)
  2 adders (D:2)
  A worm (D:2)
  3 orcs
  4 endoplasms
  2 giant cockroaches
  3 gnoll zombies (Ossuary)
  5 goblins
  4 hobgoblins
  14 jackals
  2 kobolds
  A quokka (D:3)
  4 ball pythons
  8 bats
  3 frilled lizards
  7 gnoll skeletons (Ossuary)
  2 goblin skeletons (Ossuary)
  4 goblin zombies (Ossuary)
  3 hobgoblin skeletons (Ossuary)
  7 hobgoblin zombies (Ossuary)
  3 kobold skeletons (Ossuary)
  5 kobold zombies (Ossuary)
  3 orc skeletons (Ossuary)
  2 orc zombies (Ossuary)
  2 rats
  7 rat skeletons (Ossuary)
  4 rat zombies (Ossuary)
109 creatures vanquished.

Vanquished Creatures (collateral kills)
  A hobgoblin (D:4)
1 creature vanquished.

Vanquished Creatures (others)
  6 withered plants (D:3)
6 creatures vanquished.

Grand Total: 116 creatures vanquished

Notes
Turn   | Place    | Note
-------+----------+-------------------------------------------
     0 | D:1      | pokeman the Deep Elf Hedge Wizard began the quest for the
                  | Orb.
     0 | D:1      | Reached XP level 1. HP: 10/10 MP: 7/7
   652 | D:1      | Reached XP level 2. HP: 16/16 MP: 7/9
  1325 | D:2      | Reached skill level 5 in Spellcasting
  1598 | D:2      | Found a faded altar of an unknown god.
  1618 | D:2      | Reached XP level 3. HP: 14/20 MP: 7/11
  1934 | D:2      | Reached skill level 1 in Fighting
  1938 | D:2      | Learned a level 3 spell: Mephitic Cloud
  1941 | D:2      | Learned a level 2 spell: Call Imp
  1944 | D:2      | Learned a level 2 spell: Blink
  1948 | D:2      | Learned a level 3 spell: Conjure Flame
  1963 | D:2      | Found a burning altar of Makhleb.
  2092 | D:2      | Reached skill level 1 in Armour
  2723 | D:3      | Found Moceta's Weapon Shop.
  2727 | D:3      | Found a runed translucent gate.
  2727 | D:3      | Found a runed translucent gate.
  2736 | D:3      | Reached XP level 4. HP: 25/25 MP: 11/13
  2849 | D:3      | Found a runed translucent gate.
  2850 | D:3      | Noticed McGhostyFace's ghost (weakling GnDe)
  2851 | D:3      | Noticed AttackTheMoon's ghost (amateur FeEE)
  4068 | D:4      | Noticed a phantom
  4077 | D:4      | Noticed a scorpion
  4137 | D:4      | Found a runed translucent door.
  4207 | D:4      | Found a sand-covered staircase.
  4214 | Ossuary  | Entered an ossuary
  5348 | Ossuary  | Reached skill level 1 in Fire Magic
  5461 | Ossuary  | Reached skill level 6 in Spellcasting
  5461 | Ossuary  | Reached XP level 5. HP: 29/29 MP: 3/15
  5742 | Ossuary  | Noticed Menkaure
  6077 | Ossuary  | Killed Menkaure
  6078 | Ossuary  | Reached skill level 1 in Ice Magic
  6078 | Ossuary  | Reached XP level 6. HP: 34/34 MP: 5/17
  6334 | D:4      | Slain by a phantom

Illustrated notes

Levels and vault maps discovered:
D:1:      ncdulo_wetmaze, layout_loops_corners, serial_park_tiny_1,
          chequers_serial_rivers_room_b
D:2:      layout_basic, basic_altar, ebering_ecumenical_altar_rust
D:3:      layout_loops_corners, serial_shops, shop, gammafunk_ghost_cemetery
D:4:      layout_basic, ebering_ghost_sewer_f, enter_ossuary_1

Skill      XL: |  1  2  3  4  5 |
---------------+----------------+-----
Spellcasting   | 5 6 |  6.7
Fighting       | 1 |  1.0
Conjurations   | 2 3 |  3.0
Armour         | 1 |  1.0
Dodging        | 3 |  3.0
Fire Magic     | 1 |  1.0
Stealth        | 3 |  3.3
Ice Magic      | 1 |  1.4
Summonings     | |  1.1
Translocations | |  1.1

Action                   |  1- 3 |  4- 6 || total
-------------------------+-------+-------++-------
Melee: Staff             |    47 |    84 ||   131
       Dagger            |     9 |       ||     9
 Cast: Magic Dart        |   126 |   192 ||   318
       Conjure Flame     |       |     9 ||     9
       Call Imp          |       |     8 ||     8
       Mephitic Cloud    |       |     1 ||     1
Armor: Robe              |    12 |    11 ||    23
Dodge: Dodged            |   105 |    98 ||   203

Table legend: (Time is in decaauts)
 A = Elapsed time spent in this place.
 B = Non-inter-level travel time spent in this place.
 C = Inter-level travel time spent in this place.
 D = Time resting spent in this place.
 E = Time spent auto-exploring this place.
 F = Levels seen in this place.
 G = Mean time per level.
                   A        B        C        D        E       F      G
               +--------+--------+--------+--------+--------+-----+--------+
         Total |   6366 |   6261 |    105 |    504 |   4533 |   5 | 1273.2 |
       Dungeon |   4262 |   4157 |    105 |    110 |   3326 |   4 | 1065.5 |
       Ossuary |   2104 |   2104 |      0 |    394 |   1207 |   1 | 2104.0 |
               +--------+--------+--------+--------+--------+-----+--------+

Top non-repeatable levels by time:
 Ossuary: 2104 daAuts
     D:2: 1528 daAuts
     D:1: 1286 daAuts
     D:3: 1183 daAuts
     D:4: 264 daAuts
